 Seeded DCSS version 0.30-a0-1103-g25895a7845 (webtiles) character file.

Game seed: 7851298505247932012 (custom seed)

29293 Pimp the Spear-Bearer (level 13, -5/108 HPs)
             Began as a Merfolk Gladiator on Apr 18, 2023.
             Was an Initiate of Gozag.
             Killed by divine providence
             ... invoked by an orc priest
              (14 damage)
             ... on level 2 of the Orcish Mines.
             The game lasted 01:02:14 (13147 turns).

Pimp the Spear-Bearer (Merfolk Gladiator)          Turns: 13147, Time: 01:02:14

Health: -5/108     AC: 32    Str: 24      XL:     13   Next: 44%
Magic:  23/23      EV: 17    Int:  6 (7)  God:    Gozag
Gold:   2808       SH:  0    Dex: 19      Spells: 19/25 levels left

rFire   . . .      SeeInvis .    J - +9 trident "Gigyn Kixt" {pain, Str+3 Dex+2}
rCold   + . .      Faith    .    (no shield)
rNeg    + . .      Spirit   .    g - +5 pearl dragon scales
rPois   +          Reflect  .    A - +2 helmet
rElec   .          Rampage  +    E - +2 cloak
rCorr   .          Rage     3%   H - +0 pair of gloves of the Evening Star {rPois}
Will    +....                    S - +2 pair of boots {rampage} Stlth
                                 q - amulet of regeneration
HPRegen 1.18/turn                p - +4 ring of protection
MPRegen 0.18/turn                M - ring "Pazuoska" {Fly rC+ Will+ Str+3}

@: on berserk cooldown, flying, slowed, studying Fighting, very slow
A: (nimble swimmer 2), mertail, berserk 1, screaming 1
a: Renounce Religion, Potion Petition, Call Merchant, Bribe Branch


You were on level 2 of the Orcish Mines.
You worshipped Gozag.
Gozag was most pleased with you.
You visited 3 branches of the dungeon, and saw 15 of its levels.
You visited the Abyss 1 time.
You also visited: Gauntlet and Ice Cave.

You collected 4555 gold pieces.
You spent 1663 gold pieces at shops.
You paid 84 gold pieces to Gozag.

Inventory:

Hand Weapons
 a - a +0 trident
 s - a +1 halberd of flaming
 J - the +9 trident "Gigyn Kixt" (weapon) {pain, Str+3 Dex+2}
   (You found it on level 10 of the Dungeon)

   Str:       It affects your strength (+3).
   Dex:       It affects your dexterity (+2).
 R - a +0 triple sword of freezing
Missiles
 d - 3 throwing nets
 e - 12 javelins
 t - 5 silver javelins
Armour
 b - a +0 leather armour
 g - +5 pearl dragon scales (worn)
 r - a +5 ring mail of willpower
 w - a +8 chain mail of ponderousness
 A - a +2 helmet (worn)
 E - a +2 cloak (worn)
 H - the +0 pair of gloves of the Evening Star (worn) {rPois}
   (You found it on level 9 of the Dungeon)

   rPois:     It protects you from poison.
 O - a +1 crystal plate armour of cold resistance
 S - a +2 pair of boots of rampaging (worn)
Jewellery
 c - a ring of wizardry
 h - a ring of ice
 i - the amulet "Joshor" {Rampage Regen+}
   (You found it in a Gauntlet)

   [amulet of regeneration]

   Regen:     It increases your rate of health regeneration.
   Rampage:   It bestows one free step when moving towards enemies.
 p - a +4 ring of protection (left hand)
 q - an amulet of regeneration (around neck)
 y - a ring of see invisible
 z - a ring of flight
 B - an amulet of guardian spirit
 C - an amulet of magic regeneration
 L - a ring of magical power
 M - the ring "Pazuoska" (right hand) {Fly rC+ Will+ Str+3}
   (You found it on level 10 of the Dungeon)

   [ring of flight]

   Str:       It affects your strength (+3).
   rC:        It protects you from cold.
   Fly:       It grants you flight.
   Will:      It increases your willpower.
 T - a ring of protection from fire
Wands
 u - a wand of flame (42)
 v - a wand of mindburst (26)
 D - a wand of iceblast (2)
 I - a wand of charming (8) (quivered)
 K - a wand of acid (5)
Scrolls
 f - 2 scrolls of teleportation
 k - 3 scrolls of amnesia
 l - 2 scrolls of vulnerability
 m - a scroll of brand weapon
 n - a scroll of immolation
 x - 4 scrolls of identify
 N - 2 scrolls of blinking
 P - a scroll of magic mapping
 Q - a scroll of acquirement
 V - a scroll of enchant armour
Potions
 j - 2 potions of lignification
 o - a potion of resistance
 F - a potion of curing
 G - 2 potions of attraction
 U - 2 potions of might
Miscellaneous
 W - a lightning rod (4/4)


   Skills:
 + Level 12.0 Fighting
 + Level 14.7 Polearms
 - Level 7.0 Throwing
 - Level 5.0 Armour
 + Level 11.6 Dodging
 + Level 6.9 Spellcasting
 - Level 4.1 Necromancy
 + Level 6.8 Ice Magic
 + Level 6.9 Poison Magic


You had 19 spell levels left.
You knew the following spells:

 Your Spells              Type           Power      Damage    Failure   Level
a - Frozen Ramparts       Ice            20%        1d4       12%         3
b - Mephitic Cloud        Conj/Pois/Air  4%         N/A       63%         3

Your spell library contained the following spells:

 Spells                   Type           Power      Damage    Failure   Level
 Freeze                   Ice            40%        1d6       4%          1
 Poisonous Vapours        Pois/Air       12%        N/A       26%         2
 Kiss of Death            Conj/Necr      16%        2d6       30%         1
 Hailstorm                Conj/Ice       6%         3d4       45%         3
 Foxfire                  Conj/Fire      8%         2x1d4     56%         1
 Magic Dart               Conj           8%         1d3       56%         1
 Call Imp                 Summ           4%         N/A       71%         2
 Dispel Undead            Necr           7%         3d8       77%         4
 Confusing Touch          Hex            2%         N/A       91%         3
 Gell's Gravitas          Tloc           2%         N/A       91%         3
 Teleport Other           Tloc           2%         N/A       91%         3
 Fireball                 Conj/Fire      1%         3d3       100%        5
 Freezing Cloud           Conj/Ice/Air   2%         6-21      100%        5
 Summon Forest            Summ/Tloc      1%         N/A       100%        5
 Summon Mana Viper        Hex/Summ       2%         N/A       100%        5
 Dispersal                Tloc           1%         N/A       100%        6
 Plasma Beam              Fire/Air       1%         2x1d12    100%        6
 Starburst                Conj/Fire      1%         6d3       100%        6
 Summon Cactus Giant      Summ           1%         N/A       100%        6


Dungeon Overview and Level Annotations

Branches:
Dungeon (12/15)            Temple (1/1) D:6            Lair (0/5) D:8
    Orc (2/2) D:12            Elf (0/3) Orc:2         IceCv (visited)
Gauntlet (visited)

Altars:
Ashenzari
Cheibriados
Dithmenos
Elyvilon
Fedhas
Gozag
Hepliaklqana
Kikubaaqudgha
Makhleb
Nemelex Xobeh
Okawaru
Qazlal
Ru
Sif Muna
Trog
Uskayaw
Vehumet
Wu Jian
Xom
Yredelemnul
Zin
The Shining One

Shops:
D:2 (   D:3 =   D:4 [   D:8 ?:   Orc:2 =

Annotations:
D:5 Grinder


Innate Abilities, Weirdness & Mutations

((You are very nimble when in or above water. (Stealth+, EV+, Speed+++)))
Your lower body shifts to a powerful aquatic tail in water.
You sometimes lose your temper in combat.
You occasionally shout uncontrollably at your foes.


Message History

The orc warrior hits you but does no damage.
The orc no longer looks unusually strong.
The orc knight roars a battlecry!
The orc goes into a battle-frenzy!
The orc warrior hits you with a +0 flail!
The orc priest casts a cantrip, but nothing happens.
An orc and 2 orc priests come into view.
The orc priest shouts! x2
The orc warrior no longer looks unusually strong.
The orc priest no longer looks unusually strong.
Blink to where?
Press: ? - help, Dir - move target
As you read the scroll of blinking, it crumbles to dust.
The orc priest looks satisfied for a moment.
The orc priest casts a cantrip, but nothing happens.
The orc priest looks braver for a moment.
The orc priest invokes the aid of Beogh against you.
Beogh smites you!
The orc priest attacks as you move away!
The orc priest misses you.
The orc priest mumbles some strange prayers to Beogh against you.
Beogh smites you!
The orc priest invokes the aid of Beogh against you.
Beogh smites you!
* * * LOW HITPOINT WARNING * * *
The orc priest calls down the wrath of Beogh upon you.
Beogh smites you!
* * * LOW HITPOINT WARNING * * *
There is a stone staircase leading up here.
You hit the orc but do no damage.
The orc writhes in agony.
The orc is heavily wounded.
The orc priest mumbles some strange prayers to Beogh against you.
Beogh smites you!
* * * LOW HITPOINT WARNING * * *
The orc barely misses you.
Unknown command.
The orc priest calls down the wrath of Beogh upon you.
Beogh smites you!
You die...
Your body crumbles into a pile of gold.

o.# .8## ##. ...^...#... ..#.##
#..............#
..##.####...............
o....#........#.........
.$.o..#.....#.#.........
oo.{.##....o...............
.o$o.##.......#.........#.##
.#.o##.....#.Ooo@......#...#
#$Oo#....o.o..o...#........####
..............o$......#....##.##
..#........................#...##
#.............................#.#
.∩...#..................).....$.$
$...........$...........$.$......
..........................#.#....
.#.........#...............###...


You could see an orc knight (strong), an orc sorcerer, an orc warrior, an ogre,
2 orc priests and 2 orcs.

Vanquished Creatures
  Rupert (D:12)
  A minotaur (Gauntlet)
  Fannar (Orc:1)
  A boulder beetle (D:11)
  2 centaur warriors
  A two-headed ogre (D:12)
  Nergalle (D:10)
  A sixfirhy (Abyss:2)
  2 bog bodies (IceCv)
  The ghost of BlueFish the Covert, a novice OpWr (D:8)
  A wizard (D:9)
  An orange crystal statue (Gauntlet)
  An orc knight (D:12)
  3 ugly things
  A deep elf pyromancer (D:10)
  An orc sorcerer (Orc:2)
  A manticore (D:12)
  3 elephants (Gauntlet)
  An ice statue (IceCv)
  A torpor snail (Gauntlet)
  An unseen horror (D:11)
  A kobold demonologist (D:12)
  A freezing wraith (D:10)
  A meliai (D:10)
  5 trolls
  A hornet (D:10)
  A shadow (D:10)
  3 dire elephant simulacra (IceCv)
  2 wraiths (D:9)
  38 yaks
  A vampire (D:7)
  2 vampire mosquitoes
  3 steam dragons
  A death yak simulacrum (IceCv)
  2 harpy simulacra (IceCv)
  4 wargs
  A water moccasin (D:8)
  2 hydra simulacra (IceCv)
  2 sky beasts
  3 ice beasts
  12 orc warriors
  3 ogres
  A boggart (D:10)
  4 centaurs
  3 kobold brigands
  6 bullfrogs
  5 two-headed ogre simulacra (IceCv)
  A cane toad simulacrum (IceCv)
  2 scorpions
  9 killer bees
  An elephant simulacrum (IceCv)
  7 electric eels
  5 howler monkeys
  5 hounds
  6 orc priests
  2 jellies
  2 gnoll boudas
  2 sleepcaps
  5 iguanas
  19 orc wizards
  4 polar bear simulacra (IceCv)
  8 troll simulacra (IceCv)
  6 spriggan simulacra (IceCv)
  18 gnolls
  4 adders
  10 naga simulacra (IceCv)
  A shadow imp (D:7)
  3 white imps
  3 ufetubi (IceCv)
  A worm (D:5)
  3 dart slugs
  41 orcs
  2 bats (D:2)
  5 endoplasms
  A giant cockroach (D:1)
  8 goblins
  5 hobgoblins
  4 jackals (D:4)
  13 kobolds
  2 quokkas
  3 ball pythons
  3 frilled lizards
  A rat (D:2)
350 creatures vanquished.

Vanquished Creatures (others)
  A basilisk (D:10)
  An orc (D:7)
  A fungus (Gauntlet)
  25 plants
  4 starspawn tentacles (Abyss:2)
32 creatures vanquished.

Grand Total: 382 creatures vanquished

Notes
Turn   | Place    | Note
-------+----------+-------------------------------------------
     0 | D:1      | Pimp the Merfolk Gladiator began the quest for the Orb.
     0 | D:1      | Reached XP level 1. HP: 16/16 MP: 1/1
   122 | D:1      | Identified a scroll of acquirement
   122 | D:1      | Acquired 1238 gold pieces
   150 | D:1      | Reached XP level 2. HP: 21/23 MP: 2/2
   583 | D:2      | Found Muinuro's Antique Weapon Boutique.
   596 | D:2      | Reached XP level 3. HP: 13/28 MP: 3/3
  1303 | D:3      | Found a faded altar of an unknown god.
  1558 | D:3      | Found Zusmamos's Jewellery Emporium.
  1573 | D:3      | Bought a +4 ring of protection for 468 gold pieces
  1573 | D:3      | Bought an amulet of regeneration for 390 gold pieces
  1651 | D:3      | You fall into a shaft and drop 2 floors!
  1651 | D:5      | Entered Level 5 of the Dungeon
  1681 | D:5      | Reached XP level 4. HP: 20/35 MP: 4/4
  1695 | D:5      | Reached skill level 5 in Polearms
  1706 | D:5      | Noticed an ice beast
  1727 | D:5      | Reached skill level 5 in Dodging
  1727 | D:5      | Reached XP level 5. HP: 41/41 MP: 5/5
  1727 | D:5      | Noticed Grinder
  1844 | D:4      | Found Jeutered's Antique Armour Shop.
  1846 | D:4      | Noticed an ogre
  1856 | D:4      | Killed an ogre
  1872 | D:4      | Bought a glowing chain mail for 202 gold pieces
  1888 | D:4      | Reached XP level 6. HP: 47/47 MP: 6/6
  1935 | D:4      | Reached skill level 6 in Polearms
  2544 | D:4      | Found a glowing silver altar of Zin.
  2544 | D:4      | Found a shimmering blue altar of Sif Muna.
  2654 | D:5      | Noticed an ice beast
  2668 | D:5      | Killed an ice beast
  2669 | D:5      | Reached XP level 7. HP: 42/54 MP: 7/7
  2730 | D:5      | Reached skill level 7 in Polearms
  2814 | D:6      | Reached skill level 1 in Spellcasting
  2981 | D:6      | Reached skill level 1 in Armour
  3020 | D:6      | Found a staircase to the Ecumenical Temple.
  3076 | Temple   | Entered the Ecumenical Temple
  3317 | Temple   | Became a worshipper of Gozag Ym Sagoz the Greedy
  3462 | D:6      | Reached XP level 8. HP: 61/61 MP: 8/10
  3556 | D:6      | Reached skill level 8 in Polearms
  4226 | D:7      | Reached skill level 5 in Fighting
  4337 | D:7      | Found a shimmering altar of Xom.
  4344 | D:7      | Reached skill level 9 in Polearms
  4346 | D:7      | Acquired a manual of Fighting
  4364 | D:7      | Reached XP level 9. HP: 67/68 MP: 12/12
  4417 | D:7      | Reached skill level 5 in Throwing
  4541 | D:7      | Found a hazy altar of Hepliaklqana.
  4544 | D:7      | Found a white marble altar of Elyvilon.
  4544 | D:7      | Found a radiant altar of Vehumet.
  4544 | D:7      | Found a shadowy altar of Dithmenos.
  4544 | D:7      | Found a hide-covered altar of Uskayaw.
  4671 | D:7      | Noticed a hornet
  4924 | D:7      | Found an iron altar of Okawaru.
  5113 | D:8      | Found Teacvieps's Book Shop.
  5484 | D:7      | Reached skill level 10 in Polearms
  5658 | D:8      | Found a runed translucent door.
  5658 | D:8      | Noticed BlueFish's ghost (novice OpWr)
  5734 | D:8      | Learned a level 3 spell: Frozen Ramparts
  5738 | D:8      | Learned a level 3 spell: Mephitic Cloud
  5740 | D:8      | Bought a book of Vapours for 286 gold pieces
  5762 | D:8      | Found Wuihih's Magic Scroll Boutique.
  5766 | D:8      | Bought a scroll of enchant weapon for 97 gold pieces
  5766 | D:8      | Bought a scroll of blinking for 97 gold pieces
  5766 | D:8      | Bought a scroll of identify for 26 gold pieces
  5766 | D:8      | Bought a scroll of enchant armour for 97 gold pieces
  6002 | D:8      | Reached XP level 10. HP: 79/79 MP: 15/15
  6043 | D:8      | Reached skill level 1 in Poison Magic
  6118 | D:8      | Reached skill level 1 in Ice Magic
  6140 | D:8      | Found a staircase to the Lair.
  6150 | D:8      | Noticed a manticore
  6555 | D:8      | Killed BlueFish's ghost
  6556 | D:8      | Reached skill level 11 in Polearms
  6633 | D:9      | Noticed a centaur warrior
  6649 | D:9      | Killed a centaur warrior
  6910 | D:9      | Noticed a wizard
  6911 | Abyss:2  | Found a corrupted altar of Lugonu.
  6911 | Abyss:2  | Cast into level 2 of the Abyss (a wizard)
  6937 | Abyss:2  | Noticed a sixfirhy
  6947 | Abyss:2  | Killed a sixfirhy
  6976 | Abyss:2  | Noticed a tentacled starspawn
  6980 | Abyss:2  | Noticed a starcursed mass
  6983 | Abyss:2  | Noticed a thrashing horror
  6983 | Abyss:2  | Noticed a lich
  6984 | Abyss:2  | Noticed a Hell Sentinel
  6996 | Abyss:2  | Gained mutation: You sometimes lose your temper in combat.
                  | [a neqoxec]
  6998 | Abyss:2  | Gained mutation: You occasionally shout uncontrollably at
                  | your foes. [a neqoxec]
  7022 | Abyss:2  | Noticed a large abomination
  7057 | Abyss:2  | Noticed a tentacled starspawn
  7090 | Abyss:2  | Noticed a lich
  7177 | D:9      | Escaped the Abyss
  7188 | D:9      | Killed a wizard
  7210 | D:9      | Reached XP level 11. HP: 83/87 MP: 17/17
  7215 | D:9      | Reached skill level 12 in Polearms
  7231 | D:9      | Identified the +0 pair of gloves of the Evening Star
                  | {rPois}
  7722 | D:10     | Entered Level 10 of the Dungeon
  7900 | D:10     | Reached skill level 5 in Spellcasting
  8052 | D:10     | Identified the +9 trident "Gigyn Kixt" {pain, Str+3 Dex+2}
  8185 | D:10     | Noticed Nergalle
  8205 | D:10     | Killed Nergalle
  8430 | D:10     | Reached skill level 1 in Necromancy
  8752 | D:10     | Noticed a deep elf pyromancer
  8754 | D:10     | Noticed a brown ugly thing
  8754 | D:10     | Noticed a white ugly thing
  8757 | D:10     | Noticed a centaur warrior
  8777 | D:10     | Killed a green ugly thing
  8788 | D:10     | Killed a brown ugly thing
  8789 | D:10     | Reached skill level 13 in Polearms
  8794 | D:10     | Killed a centaur warrior
  8795 | D:10     | Reached skill level 10 in Dodging
  8946 | D:10     | Killed a deep elf pyromancer
  8947 | D:10     | Reached XP level 12. HP: 88/97 MP: 20/20
  8984 | D:10     | Identified the ring "Pazuoska" {Fly rC+ Will+ Str+3}
  9233 | D:11     | Reached skill level 10 in Fighting
  9305 | D:11     | Found a frozen archway.
  9316 | IceCv    | Entered an ice cave
  9978 | IceCv    | Reached skill level 5 in Ice Magic
  9978 | IceCv    | Reached skill level 5 in Poison Magic
 10456 | IceCv    | Identified the +8 short sword of Wondrous Power {freeze,
                  | rF+}
 10707 | D:11     | Reached skill level 5 in Armour
 10766 | D:11     | Reached skill level 14 in Polearms
 11146 | D:12     | Noticed a boulder beetle
 11191 | D:11     | Killed a boulder beetle
 11238 | D:12     | Noticed a two-headed ogre
 11250 | D:12     | Killed a two-headed ogre
 11563 | D:12     | Found a staircase to the Orcish Mines.
 11751 | D:12     | Noticed Rupert
 11770 | D:12     | Killed Rupert
 11771 | D:12     | Reached XP level 13. HP: 37/106 MP: 22/22
 11945 | Orc:1    | Entered Level 1 of the Orcish Mines
 11945 | Orc:1    | Noticed Fannar
 12264 | Orc:1    | Killed Fannar
 12465 | Orc:2    | Entered Level 2 of the Orcish Mines
 12465 | Orc:2    | Found a staircase to the Elven Halls.
 12583 | Orc:2    | Found Lahecir's Jewellery Boutique.
 12605 | Orc:2    | Found a gate leading to a gauntlet.
 12614 | Gauntlet | Entered a Gauntlet
 12614 | Gauntlet | Found a transporter.
 12614 | Gauntlet | Found a large runed translucent door.
 12614 | Gauntlet | Found a large runed translucent door.
 12614 | Gauntlet | Found a large runed translucent door.
 12614 | Gauntlet | Found a large runed translucent door.
 12614 | Gauntlet | Found a runed translucent door.
 12614 | Gauntlet | Found a runed translucent door.
 12614 | Gauntlet | Found a large runed translucent door.
 12614 | Gauntlet | Found a large runed translucent door.
 12614 | Gauntlet | Found a large runed translucent door.
 12614 | Gauntlet | Found a large runed translucent door.
 12614 | Gauntlet | Found a large runed translucent door.
 12614 | Gauntlet | Found a large runed translucent door.
 12615 | Gauntlet | Found a large runed translucent door.
 12615 | Gauntlet | Found a large runed translucent door.
 12616 | Gauntlet | Found a large runed translucent door.
 12616 | Gauntlet | Found a large runed translucent door.
 12616 | Gauntlet | Found a large runed translucent door.
 12616 | Gauntlet | Found a large runed translucent door.
 12627 | Gauntlet | Found a transporter.
 12640 | Gauntlet | Found a transporter.
 12648 | Gauntlet | Found a transporter.
 12664 | Gauntlet | Found a transporter.
 12684 | Gauntlet | Found a transporter.
 12696 | Gauntlet | Found a transporter.
 12699 | Gauntlet | Noticed a dire elephant
 12708 | Gauntlet | Found a transporter.
 12720 | Gauntlet | Found a transporter.
 12732 | Gauntlet | Found a transporter.
 12749 | Gauntlet | Found a transporter.
 12767 | Gauntlet | Found a transporter.
 12769 | Gauntlet | Found a transporter.
 12803 | Gauntlet | Found a runed translucent gate.
 12803 | Gauntlet | Found a runed translucent gate.
 12803 | Gauntlet | Found a runed translucent gate.
 12804 | Gauntlet | Found a transporter.
 12809 | Gauntlet | Found a transporter.
 12809 | Gauntlet | Found a transporter.
 12845 | Gauntlet | Found a transporter.
 12949 | Gauntlet | Identified the amulet "Joshor" {Rampage Regen+}
 13029 | Gauntlet | Noticed a minotaur
 13049 | Gauntlet | Killed a minotaur
 13147 | Orc:2    | Killed from afar by an orc priest

Illustrated notes

Levels and vault maps discovered:
D:1:      minmay_arrival_wavy_path, layout_rooms
D:2:      layout_loops_ring, serial_shops, shop
D:3:      layout_rooms, serial_shops, shop, nicolae_ecumenical_oubliette
D:4:      layout_gridville, amethyst_overflow_temple_binary, serial_shops, shop,
          kennysheep_path_1, chequers_serial_rivers_room_a
D:5:      layout_rooms, uniq_grinder
D:6:      layout_loops_ring, minmay_temple_entry_tees, nrook_mini_vaults
D:7:      layout_rooms, mainiacjoe_overflow_small_starburst,
          mainiacjoe_overflow_chevrons, grunt_temple_overflow_open,
          serial_bayou, serial_bayou_crossing, serial_bayou_ford_a,
          serial_bayou_pond_b, serial_bayou_lagoon_a,
          kennysheep_opposing_triangles
D:8:      layout_basic, lair_entry_dummy, serial_shops, shop, shop,
          ebering_ghost_inner_flame, nicolae_fountain_basement
D:9:      cheibrodos_wizards_tower, layout_irregular_city
D:10:     minmay_the_grid_triangle_9x9_rhombus_thin
          [minmay_the_grid_triangle_9x9_longest,
          minmay_the_grid_triangle_9x9_prize_center,
          minmay_the_grid_triangle_9x9_impossible_snake,
          minmay_the_grid_triangle_9x9_dagger], layout_basic, uniq_nergalle
D:11:     layout_irregular_city, portal_ice_cave_entry_pillars_1
D:12:     layout_basic, david_orc_2, hangedman_decor_lopped,
          kennysheep_generic_room_13, uniq_rupert
Temple:   oiseaux_autumnal_temple
Orc:1:    layout_diamond_mine, uniq_fannar
Orc:2:    grunt_orc_cross, layout_caves, gauntlet_entry_generic, serial_shops,
          nicolae_shop_peninsula

Skill      XL: |  1  2  3  4  5  6  7  8  9 10 11 12 13 |
---------------+----------------------------------------+-----
Fighting       | 3 4 5 7 8 9 11 12 | 12.0
Polearms       | 5 6 7 9 10 11 13 14 | 14.7
Throwing       | 3 4 5 6 7 |  7.0
Dodging        | 5 6 7 8 9 10 11 | 11.6
Spellcasting   | 1 2 3 4 5 6 |  6.9
Armour         | 1 2 3 4 5 |  5.0
Poison Magic   | 3 4 6 |  6.9
Ice Magic      | 3 4 6 |  6.8
Necromancy     | 2 4 |  4.1

Action                     |  1- 3 |  4- 6 |  7- 9 | 10-12 | 13-15 || total
---------------------------+-------+-------+-------+-------+-------++-------
  Melee: Trident           |   109 |       |       |   341 |   193 ||   643
         Punch             |     4 |       |       |     4 |     1 ||     9
         Halberd           |       |   106 |   367 |   359 |       ||   832
         Tailslap          |       |       |     2 |     1 |       ||     3
  Throw: Throwing net      |     4 |     2 |       |       |       ||     6
  Evoke: Wand              |       |       |       |     4 |       ||     4
    Use: Scroll            |     4 |     1 |    10 |    12 |     6 ||    33
         Potion            |       |     1 |     7 |       |     4 ||    12
   Stab: Distracted        |       |       |     1 |     3 |       ||     4
 Armour: Leather armour    |    19 |     8 |       |       |       ||    27
         Chain mail        |       |    62 |   313 |   310 |       ||   685
         Ring mail         |       |       |       |    25 |    51 ||    76
         Pearl dragon scal |       |       |       |       |    22 ||    22
  Dodge: Dodged            |    68 |    80 |   270 |   367 |   120 ||   905

Table legend: (Time is in decaauts)
 A = Elapsed time spent in this place.
 B = Non-inter-level travel time spent in this place.
 C = Inter-level travel time spent in this place.
 D = Time resting spent in this place.
 E = Time spent auto-exploring this place.
 F = Levels seen in this place.
 G = Mean time per level.
                   A        B        C        D        E       F      G
               +--------+--------+--------+--------+--------+-----+--------+
         Total |  13542 |  12870 |    672 |   2574 |   6094 |  18 |  752.3 |
       Dungeon |  10871 |  10302 |    569 |   1880 |   5621 |  12 |  905.9 |
        Temple |    280 |    203 |     77 |      0 |    184 |   1 |  280.0 |
  Orcish Mines |    415 |    389 |     26 |     26 |    123 |   2 |  207.5 |
         Abyss |    309 |    309 |      0 |     30 |      0 |   1 |  309.0 |
      Ice Cave |   1217 |   1217 |      0 |    590 |    113 |   1 | 1217.0 |
      Gauntlet |    448 |    448 |      0 |     47 |     52 |   1 |  448.0 |
               +--------+--------+--------+--------+--------+-----+--------+

Top non-repeatable levels by time:
    D:10: 1481 daAuts
     D:7: 1359 daAuts
   IceCv: 1217 daAuts
     D:6: 1205 daAuts
     D:8: 1167 daAuts
    D:12: 995 daAuts
     D:4: 908 daAuts
     D:9: 908 daAuts
    D:11: 887 daAuts
     D:2: 818 daAuts
     D:1: 466 daAuts
Gauntlet: 448 daAuts
     D:3: 372 daAuts
 Abyss:2: 309 daAuts
     D:5: 301 daAuts
